 Dungeon Crawl Stone Soup version 0.30-a0-779-g7971cf19c3 (webtiles) character file.

Game seed: 6669654967949114134

71 Iich the Chopper (level 4, -3/41 HPs)
             Began as a Hill Orc Fighter on Feb 18, 2023.
             Slain by an orc wizard
             ... wielding a +2 dagger of protection
              (4 damage)
             ... on level 3 of the Dungeon.
             The game lasted 00:02:53 (1929 turns).

Iich the Chopper (Hill Orc Fighter)                 Turns: 1929, Time: 00:02:54

Health: -3/41      AC:  6    Str: 18    XL:     4   Next: 24%
Magic:  4/4        EV:  9    Int:  8    God:
Gold:   955        SH:  4    Dex: 12    Spells: 3/3 levels left

rFire   . . .      SeeInvis .    a - +0 war axe
rCold   . . .      Faith    .    c - +0 buckler
rNeg    . . .      Spirit   .    b - +0 scale mail
rPois   .          Reflect  .    (no helmet)
rElec   .          Harm     .    (no cloak)
rCorr   .          Rampage  .    (no gloves)
Will    .....                    (no boots) Stlth
                                 (no amulet)
HPRegen 0.26/turn                (no ring)
MPRegen 0.09/turn                (no ring)

@: about to teleport
A: no striking features
a: Convert to Beogh


You were on level 3 of the Dungeon.
You visited 1 branch of the dungeon, and saw 3 of its levels.

You collected 955 gold pieces.

Inventory:

Hand Weapons
 a - a +0 war axe (weapon)
Armour
 b - a +0 scale mail (worn)
 c - a +0 buckler (worn)
Wands
 l - a wand of flame (12)
Potions
 d - a potion of might
 e - a potion of lignification {unknown}
 f - a potion of flight
 h - a potion of curing {unknown}
 j - a potion of cancellation {unknown}
 k - a potion of berserk rage {unknown}


   Skills:
 + Level 4.5 Fighting
 * Level 5.0 Axes
 - Level 3.2 Armour
 - Level 3.2 Shields


You had 3 spell levels left.
You didn't know any spells.
Your spell library contained the following spells:

 Spells                   Type           Power      Damage    Failure   Level
 Blink                    Tloc           0%         N/A       95%         2
 Manifold Assault         Tloc           0%         N/A       100%        4
 Storm Form               Tmut/Air       0%         N/A       100%        7


Dungeon Overview and Level Annotations

Branches:
Dungeon (3/15)

Altars:
Ashenzari
Kikubaaqudgha


Message History

Something hits you but does no damage.
Unknown command.
You completely miss something. Something hits you.
Unknown command.
You closely miss something.
You hear some strange, mumbled words.
You are confused.
Something hits you but does no damage.
The orc priest mumbles some strange prayers to Beogh against you.
Beogh smites you!
* * * LOW HITPOINT WARNING * * *
Found a broken altar of Ashenzari.
Unknown command.
You bump into the rock wall.
The orc priest casts a cantrip, but nothing happens.
You barely miss something.
The orc priest shouts, "Surrender to Beogh and we'll let you live!"
You slash the plant!
The plant begins to die.
Something hits you.
* * * LOW HITPOINT WARNING * * *
The orc priest invokes the aid of Beogh against you.
Pain shoots through your body!
* * * LOW HITPOINT WARNING * * *
Okay, then.
You bump into the rock wall.
Something hits you but does no damage.
You feel less confused.
A nearby plant withers and dies.
Something hits you.
* * * LOW HITPOINT WARNING * * *
The orc priest mumbles some strange prayers to Beogh against you.
Something writhes in agony!
As you read the scroll of teleportation, it crumbles to dust.
You feel strangely unstable. Something hits you but does no damage.
The orc priest attacks as you move away!
The orc priest hits you but does no damage.
Something hits you.
You die...

. #........ ..
#._......
.##........
..........
#..P......
#..P.... ##. #.P.#
... #@..# ..#
#...##..####
#.o.$)>..!..
#.P)##############
#.P.# #........
#.P.# #.####..#
#.P.# #.#......
#...# #.#.###.#
#...#### #.#.....#


You could see an orc priest.

Vanquished Creatures
  Ijyb (D:3)
  An adder (D:3)
  3 orcs (D:3)
  5 ball pythons
  5 endoplasms (D:1)
  A giant cockroach (D:1)
  2 hobgoblins
  2 quokkas (D:2)
  5 bats
  4 frilled lizards
  5 kobolds
  A rat (D:1)
35 creatures vanquished.

Vanquished Creatures (others)
  A plant (D:3)
1 creature vanquished.

Grand Total: 36 creatures vanquished

Notes
Turn   | Place    | Note
-------+----------+-------------------------------------------
     0 | D:1      | Iich the Hill Orc Fighter began the quest for the Orb.
     0 | D:1      | Reached XP level 1. HP: 19/19 MP: 1/1
   157 | D:1      | Reached skill level 3 in Axes
   169 | D:1      | Identified a scroll of acquirement
   170 | D:1      | Acquired 825 gold pieces
   407 | D:1      | Reached XP level 2. HP: 27/27 MP: 2/2
   982 | D:2      | Found an ancient bone altar of Kikubaaqudgha.
  1080 | D:2      | Reached skill level 4 in Axes
  1142 | D:2      | Reached XP level 3. HP: 32/33 MP: 3/3
  1500 | D:2      | Found a faded altar of an unknown god.
  1784 | D:3      | Noticed Ijyb
  1799 | D:3      | Killed Ijyb
  1800 | D:3      | Reached XP level 4. HP: 24/41 MP: 4/4
  1915 | D:3      | Reached skill level 5 in Axes
  1922 | D:3      | Found a broken altar of Ashenzari.
  1924 | D:3      | HP: 1/41 [orc priest/nerve-wracking pain (14)]
  1929 | D:3      | Slain by an orc wizard

Illustrated notes

Levels and vault maps discovered:
D:1:      dpeg_arrival_three_bigger_balls, layout_basic, hex_large,
          minmay_quantized
D:2:      layout_basic, ebering_ecumenical_altar_sacrificial, basic_altar
D:3:      layout_basic, mainiacjoe_overflow_boulevard, uniq_ijyb

Skill      XL: |  1  2  3  4 |
---------------+-------------+-----
Axes           | 3 4 5 |  5.0
Fighting       | 4 |  4.5
Armour         | |  3.2
Shields        | |  3.2

Action                     |  1- 3 |  4- 6 || total
---------------------------+-------+-------++-------
  Melee: War axe           |   101 |    11 ||   112
    Use: Scroll            |     5 |     2 ||     7
         Potion            |     3 |       ||     3
 Armour: Scale mail        |    58 |     7 ||    65
  Dodge: Dodged            |    50 |     5 ||    55
  Block: Buckler           |    26 |     1 ||    27

Table legend: (Time is in decaauts)
 A = Elapsed time spent in this place.
 B = Non-inter-level travel time spent in this place.
 C = Inter-level travel time spent in this place.
 D = Time resting spent in this place.
 E = Time spent auto-exploring this place.
 F = Levels seen in this place.
 G = Mean time per level.
                   A        B        C        D        E       F      G
               +--------+--------+--------+--------+--------+-----+--------+
         Total |   1968 |   1949 |     19 |      0 |   1646 |   3 |  656.0 |
       Dungeon |   1968 |   1949 |     19 |      0 |   1646 |   3 |  656.0 |
               +--------+--------+--------+--------+--------+-----+--------+

Top non-repeatable levels by time:
     D:1: 1005 daAuts
     D:2: 810 daAuts
     D:3: 152 daAuts
